 Dungeon Crawl Stone Soup version 0.20-a0-1124-g2e29d97 (webtiles) character file.

907 Hook the Magician (level 8, -4/46 HPs)
             Began as an Octopode Wizard on May 15, 2017.
             Was an Initiate of Vehumet.
             Killed from afar by Blork the orc (11 damage)
             ... with a puff of frost
             ... on level 6 of the Dungeon.
             The game lasted 00:31:27 (7704 turns).

Hook the Magician (Octopode Wizard)                 Turns: 7704, Time: 00:31:28

Health: -4/46      AC:  2    Str:  7    XL:     8   Next: 8%
Magic:  2/16       EV: 18    Int: 22    God:    Vehumet [......]
Gold:   230        SH:  0    Dex: 10    Spells: 4/18 levels left

rFire    . . .     SeeInvis .   (no weapon)
rCold    . . .     Gourm    .   (no shield)
rNeg     . . .     Faith    .   a - +1 hat
rPois    .         Spirit   .   (no amulet)
rElec    .         Reflect  .   k - +3 ring of evasion
rCorr    .         Harm     .   (no ring)
MR       .....                  (no ring)
Stlth    ++++......             (no ring)
Regen    0.2/turn               (no ring)
MPRegen  0.2/turn               (no ring)
                                (no ring)
                                (no ring)

@: no status effects
A: almost no armour, stealthy swim, amphibious, 8 rings, constrict 8, camouflage
1, gelatinous body 1
a: Renounce Religion


You were on level 6 of the Dungeon.
You worshipped Vehumet.
Vehumet was noncommittal.
You were not hungry.

You visited 2 branches of the dungeon, and saw 7 of its levels.

You collected 230 gold pieces.

Inventory:

Missiles
 p - 6 steel tomahawks (quivered)
 r - 6 javelins
 s - 8 tomahawks
Armour
 a - a +1 hat (worn)
Jewellery
 k - a +3 ring of evasion (left tentacle)
Wands
 e - a wand of random effects (48/48)
 m - a wand of flame (19/48)
 n - a wand of polymorph (11/24)
Scrolls
 g - 2 scrolls of magic mapping
 h - 2 scrolls of remove curse
 l - 8 scrolls of identify
 o - a scroll of enchant weapon
Potions
 d - 2 potions of heal wounds {unknown}
 f - 3 potions of haste {unknown}
 j - a potion of curing {unknown}
 q - a potion of cancellation {unknown}
 u - a potion of might {unknown}
Books
 b - a book of Minor Magic

   Spells                             Type                      Level
   a - Magic Dart                     Conjuration                  1
   b - Blink                          Translocation                2
   c - Call Imp                       Summoning                    2
   d - Slow                           Hexes                        2
   e - Conjure Flame                  Conjuration/Fire             3
   f - Mephitic Cloud                 Conjuration/Poison/Air       3
 w - a book of Misfortune

   Spells                             Type                      Level
   a - Confusing Touch                Hexes                        1
   b - Confuse                        Hexes                        3
   c - Gell's Gravitas                Translocation                3
   d - Petrify                        Transmutation/Earth          4
   e - Metabolic Englaciation         Hexes/Ice                    5
   f - Yara's Violent Unravelling     Hexes/Transmutation          5
Comestibles
 c - 4 bread rations
 i - 2 meat rations
 t - a chunk of flesh


   Skills:
 * Level 4.9 Dodging
 - Level 5.0 Stealth
 * Level 5.5 Spellcasting
 - Level 3.9 Conjurations
 + Level 2.2 Summonings
 - Level 1.0 Translocations
 + Level 1.2 Fire Magic


You had 4 spell levels left.
You knew the following spells:

 Your Spells              Type           Power        Failure   Level  Hunger
a - Magic Dart            Conj           ###.         1%          1    None
b - Blink                 Tloc           N/A          10%         2    None
c - Call Imp              Summ           ###.....     5%          2    None
d - Conjure Flame         Conj/Fire      ###.....     10%         3    ##.....
e - Slow                  Hex            #.......     14%         2    None
f - Confusing Touch       Hex            #.....       10%         1    None
g - Mephitic Cloud        Conj/Pois/Air  ##......     17%         3    ##.....


Dungeon Overview and Level Annotations

Branches:
Dungeon (6/15)             Temple (1/1) D:5

Altars:
Ashenzari
Cheibriados
Dithmenos
Elyvilon
Fedhas
Gozag
Hepliaklqana
Kikubaaqudgha
Makhleb
Nemelex Xobeh
Okawaru
Qazlal
Ru
Sif Muna
Trog
Uskayaw
Vehumet
Wu Jian
Xom
Yredelemnul
Zin
The Shining One

Annotations:
D:3 1 runed door
D:5 Menkaure
D:6 Blork the orc


Innate Abilities, Weirdness & Mutations

You cannot wear most types of armour.
You are very stealthy in the water. (Stealth+)
You are amphibious.
You can wear up to eight rings at the same time.
You can use your tentacles to constrict eight enemies at once.
Your skin changes colour to match your surroundings (Stealth+).
Your rubbery body absorbs attacks. (AC +1, EV +1)


Message History

The magic dart hits you!
There is an open door here.
You see here an adder skeleton.
You hear some strange, mumbled words.
A puff of flame appears from out of thin air!
The puff of flame hits you! Something hits you.
You hear some strange, mumbled words.
A puff of frost appears from out of thin air!
The puff of frost hits you! Something hits you!
* * * LOW HITPOINT WARNING * * *
Okay, then.
Casting: Magic Dart
Confirm with . or Enter, or press ? or * to list all spells.
You blink.
Okay, then.
A puff of frost appears from out of thin air!
The puff of frost hits you!
You die...

###.......# #............
..#.......# #............
..#....<..# #............
..#.......# #............
..#.......###########............
..######'#..............##'######
.........#..............#........
.........#..............#.)......
..##.#..........@.......#..##....
##############.........##.)##....
#.........#...##†... .#
#.........#<..###'## #.##
#......§..#...#.....
##########.###.........######....
.......#......#÷####+#......#....
..[...............# ......#+###
....).......#.[...# ...........


There were no monsters in sight!

Vanquished Creatures
  An ogre (D:4)
  2 bullfrogs (D:6)
  A water moccasin skeleton (D:6)
  A bullfrog zombie (D:6)
  An orc priest (D:6)
  2 hounds (D:4)
  A hound skeleton (D:4)
  3 adders
  A worm (D:3)
  4 dart slugs
  5 leopard geckos
  8 orcs
  5 bats
  3 giant cockroaches (D:2)
  6 goblins
  8 hobgoblins
  6 jackals
  9 kobolds
  2 quokkas
  A ball python (D:1)
  2 frilled lizards
  3 rats
75 creatures vanquished.

Vanquished Creatures (collateral kills)
  An orc warrior (D:6)
  A sky beast (D:6)
  A phantom (D:6)
  An ogre (D:4)
  A necrophage (D:5)
  A jelly (D:6)
  An orc priest (D:3)
  An orc wizard (D:6)
  An iguana (D:4)
  2 worker ants
  An adder (D:5)
  A shadow imp (D:6)
  6 orcs
  A goblin (D:1)
  A hobgoblin (D:1)
  2 jackals (D:3)
  A bat (D:2)
  A frilled lizard (D:4)
  2 kobolds (D:3)
27 creatures vanquished.

Grand Total: 102 creatures vanquished

Notes
Turn   | Place    | Note
-------+----------+-------------------------------------------
     0 | D:1      | Hook the Octopode Wizard began the quest for the Orb.
     0 | D:1      | Reached XP level 1. HP: 11/11 MP: 4/4
   358 | D:1      | Reached XP level 2. HP: 13/17 MP: 4/6
   750 | D:1      | Learned a level 2 spell: Blink
  1217 | D:1      | Reached XP level 3. HP: 20/21 MP: 2/7
  1330 | D:1      | Learned a level 2 spell: Call Imp
  2513 | D:3      | Reached XP level 4. HP: 27/27 MP: 3/9
  3000 | D:3      | Learned a level 3 spell: Conjure Flame
  3006 | D:3      | Found a runed door.
  3548 | D:4      | Reached XP level 5. HP: 26/31 MP: 2/10
  3677 | D:4      | Noticed an ogre
  3799 | D:4      | Killed an ogre
  4178 | D:4      | Found a basalt altar of Yredelemnul.
  4231 | D:4      | Reached XP level 6. HP: 23/36 MP: 2/12
  4577 | D:4      | Noticed a sky beast
  5061 | D:5      | Entered Level 5 of the Dungeon
  5146 | D:5      | Found a stormy altar of Qazlal.
  5188 | D:5      | Found a staircase to the Ecumenical Temple.
  5194 | Temple   | Entered the Ecumenical Temple
  5202 | Temple   | Became a worshipper of Vehumet
  5211 | Temple   | Learned a level 2 spell: Slow
  5363 | D:5      | Reached skill level 5 in Stealth
  5386 | D:5      | Noticed Menkaure
  5639 | D:6      | Found a snail-covered altar of Cheibriados.
  5650 | D:6      | Reached XP level 7. HP: 41/41 MP: 8/13
  5727 | D:6      | Found an ornate altar of the Wu Jian Council.
  5767 | D:6      | Found a shattered altar of Ashenzari.
  5769 | D:6      | Found a hazy altar of Hepliaklqana.
  6062 | D:6      | Found a hide-covered altar of Uskayaw.
  6315 | D:6      | Noticed Blork the orc
  6809 | D:6      | Reached skill level 5 in Spellcasting
  7095 | D:6      | Reached skill level 1 in Fire Magic
  7225 | D:6      | Learned a level 1 spell: Confusing Touch
  7229 | D:6      | Learned a level 3 spell: Mephitic Cloud
  7364 | D:6      | Reached XP level 8. HP: 10/46 MP: 1/16
  7704 | D:6      | Killed from afar by Blork the orc

Vault maps used:
D:1:      eino_arrival_tree_alley, st_stairs_6
D:3:      uniq_crazy_yiuf_cottage
D:4:      overflow_temple_1_default, minmay_misc_feat_iff,
          minmay_misc_feat_roman
D:5:      nicolae_qazlal_eye_of_the_storm, minmay_temple_entry_fiery,
          first_bread, uniq_sigmund, uniq_eustachio, uniq_edmund, uniq_menkaure
D:6:      lemuel_doored_altar, old_standard_altar, kennysheep_slug_shrine,
          minitemple, st_stairs_14, uniq_duvessa, uniq_blork_the_orc
Temple:   eino_wide_crystal_templ

Skill      XL: |  1  2  3  4  5  6  7 |
---------------+----------------------+-----
Stealth        | 3 4 5 |  5.0
Conjurations   | 2 3 |  3.9
Dodging        | 3 4 |  4.9
Spellcasting   | 4 5 |  5.5
Summonings     | 2 |  2.2
Fire Magic     | 1 |  1.2
Translocations | |  1.0

Action                   |  1- 3 |  4- 6 |  7- 9 || total
-------------------------+-------+-------+-------++-------
Melee: Unarmed           |    66 |    47 |    51 ||   164
       Constrict         |    16 |    16 |     7 ||    39
       Tentacles         |     7 |     8 |     7 ||    22
Throw: Stone             |     1 |       |       ||     1
       Tomahawk          |       |     4 |     9 ||    13
       Throwing net      |       |     1 |       ||     1
 Cast: Magic Dart        |    70 |    98 |    44 ||   212
       Call Imp          |     5 |    25 |    47 ||    77
       Blink             |     1 |     2 |     2 ||     5
       Conjure Flame     |       |     4 |     2 ||     6
       Confusing Touch   |       |       |     1 ||     1
  Use: Scroll            |     4 |     5 |     3 ||    12
 Stab: Sleeping          |     1 |     2 |       ||     3
       Distracted        |       |       |     2 ||     2
  Eat: Bread ration      |     1 |     1 |     1 ||     3
       Royal jelly       |       |     1 |       ||     1
       Fruit             |       |     3 |     1 ||     4
       Chunk             |       |     2 |     1 ||     3
Armor: Skin              |    19 |     1 |     5 ||    25
Dodge: Dodged            |    66 |    61 |    48 ||   175
